Froyo, lawful female dwarven Valkyrie ----- -------- --------------- |<..|#######.......| |.............| |)..|# |......| |.......[.....-########|....# |......| |.............| #....|# #.......| ----- #-.........^...| |...|# #|......| ....| ###|...........{.| -.---# #-------- |>..| # --------------- # # #### |...II)I### # # |I).| # # |...| # # |...| # # ----- #################################### # #---.----# #|`.....-# #.......| -------- Froyo the Skirmisher Experience level: 5 Strength: 18 Dexterity: 17 Constitution: 17 Intelligence: 7 Wisdom: 7 Charisma: 9 Health: 0(58) Energy: 5(5) Def: 6 Gold: 333 Moves: 3614 Dungeon seed: Jc4RQuz7Ai0ow1Zo Game ID: Froyo_1477142267 Your Inventory: Coins $ - 333 gold pieces Weapons a - a corroded +1 long sword (weapon in hand) b - a +0 dagger (in quiver) h - 2 +0 darts x - a +0 orcish dagger Armor e - an uncursed +3 small shield n - an uncursed rusty +1 scale mail (being worn) q - an uncursed +0 shield of reflection (being worn) Comestibles i - an uncursed pancake l - an uncursed lembas wafer H - an uncursed carrot Scrolls j - a cursed scroll of light p - a blessed scroll of food detection s - an uncursed scroll of identify t - a blessed scroll of identify u - an uncursed scroll of enchant armor v - an uncursed scroll of blank paper Spellbooks I - an uncursed spellbook of haste self Potions d - an uncursed potion of water g - an uncursed potion of gain energy o - an uncursed potion of confusion Rings G - a blessed -1 ring of protection Wands E - a wand of speed monster (0:8) J - a wand of probing (0:8) Tools k - a +0 grappling hook B - an uncursed leash Gems r - an uncursed aquamarine stone y - an uncursed agate stone Spells and supernatural/magical abilities: Name Level Category Fail Memory W - pray for help -- divine ? -- Your skills at the end: Fighting Skills Weapon Skills dagger [Basic] long sword [Basic] Spellcasting Skills Final Attributes: You were piously aligned. You were cold resistant. You were blinded. You had infravision. You were stealthy. You had reflection. You are dead. Vanquished creatures: a small mimic a fog cloud a gnome lord a floating eye a kobold lord a centipede 2 giant bats 2 orc zombies an acid blob a coyote a gas spore a large kobold a brown mold a yellow mold a green mold a red mold a gnome 2 gnome zombies 7 geckos 8 jackals a fox a kobold a goblin a sewer rat 4 grid bugs 8 lichens 8 newts 60 creatures vanquished. Voluntary challenges: You used a wielded weapon 58 times, starting on turn 67. You read items or engraved 4 times, starting on turn 2659. You never genocided any monsters. You never polymorphed an object. You never changed form. You used no wishes. You never split a pudding. You never wrote Elbereth's name. You violated your moral code, losing 1 point of alignment, starting on turn 3545. Dungeon overview: The Dungeons of Doom: levels 1 to 4 Level 1 a long staircase Level 2 a general store Level 3 an altar to Tyr, a fountain stairs to The Gnomish Mines Level 4 <- You were here a fountain The Gnomish Mines: Level 4 stairs to The Dungeons of Doom History has recorded: On T:1 you entered the Dungeons of Doom to retrieve the Amulet of Yendor! On T:727 you advanced to experience level 2. On T:857 you reached level 2 of The Dungeons of Doom. On T:1393 you advanced to experience level 3. On T:1526 you reached level 3 of The Dungeons of Doom. On T:1527 you advanced to experience level 4. On T:2296 you reached level 1 of The Gnomish Mines. On T:2789 you reached level 4 of The Dungeons of Doom. On T:2925 you advanced to experience level 5. Score breakdown: Gold: 333 ( 8584 points) Experience: 5 levels (11141 points) Exploration: 4 levels ( 8.00%) ( 7423 points) Discoveries: 2 items ( 0.81%) ( 2705 points) Valuables value: (no points given unless you survive) Artifact value: 0 ( 0 points) Variety of kills: 27 monsters ( 7.09%) ( 7986 points) Turncount: 3614 turns ( -875 points) Survival: died (score multiplied by 80%) Total score: 29571 Latest messages: You feel here an aklys. Wait! There's something there you can't see! It misses. It bites! It misses. It hits! It bites! (2x) It misses. It bites! (2x) It hits! It misses. It bites! It misses. It bites! (2x) It hits! It misses. It bites! It hits! It bites! (2x) It hits! It bites! (2x) You die... Final status: Farvel Froyo the Valkyrie, killed by a rothe... You died in The Dungeons of Doom on dungeon level 4 with 29571 points, and 333 pieces of gold, after 3614 moves. You were level 5 with a maximum of 58 hit points when you died.